 Dungeon Crawl Stone Soup version 0.31-a0-271-gb88eb75e06 (webtiles) character file.

Game seed: 18147330550307357381

118 cforsyth the Changeling (level 5, -1/41 HPs)
             Began as a Meteoran Shapeshifter on July 15, 2023.
             Slain by an orc
             ... wielding the +6 war axe "Woudirchele" {heavy, rN+}
              (10 damage)
             ... on level 5 of the Dungeon.
             The game lasted 00:04:46 (972 turns).

cforsyth the Changeling (Meteoran Shapeshifter)      Turns: 972, Time: 00:04:46

Health: -1/41      AC:  4    Str: 19    XL:     5   Next: 48%
Magic:  6/6        EV: 12    Int:  9    God:
Gold:   141        SH:  0    Dex: 14    Spells: 4/4 levels left

rFire   . .          .
                       - Unarmed
rCold   . . .        (no shield)
rNeg    . . .        q - +1 leather armour {rPois}
rPois   +            (helmet currently unavailable)
rElec   .            (cloak currently unavailable)
rCorr   .            (gloves currently unavailable)
SInv    .            (boots currently unavailable)
Will    .....        (no amulet)
Stlth   +            (no ring)
HPRegen 0.26/turn    (no ring)
MPRegen 0.10/turn

%: no passive effects
@: beast-form, glowing
A: beast (slay +3), sense surroundings 1, otherworldly, glowing, explore regen
a: Begin Untransformation


You were on level 5 of the Dungeon.
You were a hulking beast.
You visited 1 branch of the dungeon, and saw 5 of its levels.

You collected 177 gold pieces.
You spent 36 gold pieces at shops.

Inventory:

Armour
 a - a +0 animal skin
 j - a +0 cloak
 n - a +0 chain mail
 q - a +1 leather armour of poison resistance (worn)
Talismans
 c - a beast talisman
Scrolls
 d - 3 scrolls of teleportation {unknown}
 f - 2 scrolls of fear {unknown}
 g - 2 scrolls of enchant weapon {unknown}
 l - a scroll of identify {unknown}
 m - 2 scrolls of revelation {unknown}
 p - a scroll of immolation {unknown}
Potions
 b - a potion of lignification
 e - a potion of ambrosia {unknown}
 h - 2 potions of enlightenment {unknown}
 i - 2 potions of curing
 k - 2 potions of heal wounds {unknown}
 o - 2 potions of haste {unknown}
 r - a potion of might {unknown}


   Skills:
 - Level 2.1 Fighting
 - Level 2.4 Dodging
 + Level 4.6 Unarmed Combat
 + Level 4.9 Shapeshifting


You had 4 spell levels left.
You didn't know any spells.
Your spell library contained the following spells:

 Spells                   Type           Power      Damage    Failure   Level
 Portal Projectile        Hex/Tloc       0%         N/A       82%         3
 Tukima's Dance           Hex            0%         N/A       82%         3
 Iskenderun's Mystic Bla  Conj/Tloc      0%         2d3       99%         4


Dungeon Overview and Level Annotations

Branches:
Dungeon (5/15) Zot: 2034
 Temple: D:4-7

Altars:

Shops:
D:1 !


Innate Abilities, Weirdness & Mutations

You are a hulking beast.
Your limbs bulge with bestial killing power. (Slay +3)
You passively map a small area around you.
You are easily found by Zot.
You glow in the dark.
You regain HP and MP as you explore.


Message History

The orc wizard flickers and vanishes!
Deactivating autopickup; reactivate with Ctrl-A.
The orc priest invokes the aid of Beogh against you.
Beogh smites you!
The orc wizard hits you but does no damage.
You hit the orc wizard.
The orc wizard is severely wounded.
The orc priest begins to cast a cantrip, but forgets the words!
You hear some strange, mumbled words.
Something tries to affect you, but you resist.
The orc wizard gestures at you while chanting.
The orc priest calls upon Beogh to heal the orc wizard.
The orc wizard is healed somewhat.
The orc priest looks encouraged for a moment.
You hear some strange, mumbled words.
A puff of flame appears from out of thin air!
The puff of flame hits you!
You punch something! Something hits you but does no damage.
You closely miss something. Something hits you.
The orc wizard gestures at you while chanting.
The magic dart hits something!
Reactivating autopickup.
You feel a bit more experienced.
The orc wizard hits you with a +0 dagger.
The orc misses you.
Things that are here:
a +0 dagger; a +0 robe; an orc corpse You closely miss the orc wizard.
Your punch misses the orc wizard.
The orc wizard is moderately wounded.
The orc wizard hits you with a +0 dagger.
The orc priest mumbles some strange prayers to Beogh against you.
Beogh smites you!
* * * LOW HITPOINT WARNING * * *
You hit the orc wizard.
The orc wizard is heavily wounded.
The orc wizard barely misses you. The orc wizard closely misses you.
The orc attacks as you move away!
The orc hits you with the +6 war axe "Woudirchele" {heavy, rN+}!
You die...

#.# #.# *,*
#.# #.####,
,,.>...#
####..#.#,*
#.....#.#,
* ##h##.# #
#oo)..#
#.##o####
#..o....#,*
####.##.#
#.#* # #.#
, *#.# *
*...,


You could see an orc priest, an orc wizard and 2 orcs.

Vanquished Creatures
  An orc priest (D:3)
  An iguana (D:4)
  An adder (D:3)
  A worm (D:3)
  A dart slug (D:1)
  3 orcs (D:3)
  3 endoplasms
  4 giant cockroaches
  2 goblins (D:1)
  A hobgoblin (D:3)
  3 quokkas
  A ball python (D:1)
  3 bats
  A frilled lizard (D:2)
  5 kobolds
  4 rats
35 creatures vanquished.

Vanquished Creatures (others)
  An orc wizard (D:5)
1 creature vanquished.

Grand Total: 36 creatures vanquished

Notes
Turn   | Place    | Note
-------+----------+-------------------------------------------
     0 | D:1      | cforsyth the Meteoran Shapeshifter began the quest for the
                  | Orb.
     0 | D:1      | Reached XP level 1. HP: 17/17 MP: 2/2
   166 | D:1      | Found Ygioken's Distillery.
   172 | D:1      | Reached XP level 2. HP: 24/24 MP: 3/3
   184 | D:1      | Bought a potion of curing for 36 gold pieces
   428 | D:2      | Reached XP level 3. HP: 19/29 MP: 4/4
   611 | D:3      | Reached XP level 4. HP: 26/36 MP: 5/5
   823 | D:4      | Reached XP level 5. HP: 31/41 MP: 6/6
   946 | D:5      | Entered Level 5 of the Dungeon
   952 | D:5      | Identified the +6 war axe "Woudirchele" {heavy, rN+}
   972 | D:5      | Slain by an orc

Illustrated notes

Levels and vault maps discovered:
D:1:      dpeg_arrival_pond, layout_basic, serial_shops, shop_coins
D:2:      layout_basic, dreamdust_princess_corridor
D:3:      layout_basic, nicolae_overflow_hidden_temple,
          dreamdust_princess_bridge, nicolae_eternal_life
D:4:      nicolae_cairo_tiling_large, layout_loops_ring, kennysheep_boxes
D:5:      layout_basic, serial_shops, nicolae_shop_crystal

Skill      XL: |  1  2  3  4 |
---------------+-------------+-----
Unarmed Combat | 3 4 |  4.6
Shapeshifting  | 4 |  4.9
Fighting       | |  2.1
Dodging        | |  2.4

Action                     |  1- 3 |  4- 6 || total
---------------------------+-------+-------++-------
  Melee: Unarmed           |    56 |    49 ||   105
         Punch             |     1 |     1 ||     2
 Armour: Animal skin       |     9 |       ||     9
         Chain mail        |     2 |    19 ||    21
         Leather armour    |       |    11 ||    11
  Dodge: Dodged            |    30 |    20 ||    50

Table legend: (Time is in decaauts)
 A = Elapsed time spent in this place.
 B = Non-inter-level travel time spent in this place.
 C = Inter-level travel time spent in this place.
 D = Time resting spent in this place.
 E = Time spent auto-exploring this place.
 F = Levels seen in this place.
 G = Mean time per level.
                   A        B        C        D        E       F      G
               +--------+--------+--------+--------+--------+-----+--------+
         Total |    965 |    965 |      0 |      0 |      0 |   5 |  193.0 |
       Dungeon |    965 |    965 |      0 |      0 |      0 |   5 |  193.0 |
               +--------+--------+--------+--------+--------+-----+--------+

Top non-repeatable levels by time:
     D:1: 325 daAuts
     D:2: 264 daAuts
     D:3: 219 daAuts
     D:4: 131 daAuts
     D:5: 25 daAuts
